 Dungeon Crawl Stone Soup version 0.25-a0-413-g3b4b6a4ccc (webtiles) character file.

Game seed: 13512352374166538926, levelgen mode: deterministic

94350 Borgoz the Fighter (level 16, -8/107 HPs)
             Began as a Gargoyle Gladiator on Jan 14, 2020.
             Was the Champion of Okawaru.
             Splashed by an oklob plant's acid (14 damage)
             ... on level 6 of the Lair of Beasts.
             The game lasted 00:49:19 (26617 turns).

Borgoz the Fighter (Gargoyle Gladiator)            Turns: 26617, Time: 00:49:19

Health: -8/107     AC: 37    Str: 28    XL:     16   Next: 11%
Magic:  0/30       EV: 20    Int: 10    God:    Okawaru [******]
Gold:   1268       SH:  0    Dex: 18    Spells: 15/15 levels left

rFire    . . .     SeeInvis .   b - +9 flail of Tyhomen {crush, MP+9}
rCold    . . .     Gourm    .   (no shield)
rNeg     + . .     Faith    .   E - +8 plate armour of Resilience {Str+3}
rPois    ∞         Spirit   +   C - +2 hat
rElec    +         Reflect  .   v - scarf {Spirit}
rCorr    .         Harm     .   i - +3 pair of gloves of Love and Death {Str+3 Dex+5}
MR       +++..                  L - +2 pair of boots
Stlth    ..........             m - amulet of guardian spirit
HPRegen  0.27/turn              N - ring of protection from magic
MPRegen  0.22/turn              S - ring of protection from magic

@: heroism, corroded, flying
A: big wings, negative energy resistance 1, electricity resistance, unbreathing,
petrification resistance, rot immunity, AC +12
a: Stop Flying, Heroism, Finesse, Renounce Religion


You were on level 6 of the Lair of Beasts.
You worshipped Okawaru.
Okawaru was exalted by your worship.
You were not hungry.

You visited 3 branches of the dungeon, and saw 22 of its levels.
You also visited: Sewer and Bailey.

You collected 1438 gold pieces.
You spent 170 gold pieces at shops.

Inventory:

Hand Weapons
 a - a +5 dire flail of electrocution
 b - the +9 flail of Tyhomen (weapon) {crush, MP+9}
   (You found it on level 4 of the Lair of Beasts)

   It inflicts extra damage upon your enemies.
   It affects your magic capacity (+9).
 k - the +8 spear "Amnoa" {drain, Int+7}
   (You took it off a spriggan on level 11 of the Dungeon)

   A truly terrible weapon, it drains the life of those it strikes.
   It affects your intelligence (+7).
 n - the +5 hand crossbow of the Sky {elec, rC+ Dex+4}
   (You found it on level 5 of the Dungeon)

   It charges the ammunition it shoots with electricity; occasionally upon a
   hit, such missiles may discharge and cause terrible harm.
   It affects your dexterity (+4).
   It protects you from cold.
 r - the +6 hunting sling "Kucweffo" {speed, Int+4 SInv}
   (Okawaru gifted it to you on level 4 of the Lair of Beasts)

   Attacks with this weapon are significantly faster.
   It affects your intelligence (+4).
   It lets you see invisible.
 G - a +2 dire flail of holy wrath
 P - the +0 dire flail "Ripocvic" {crush, rC+}
   (You bought it in a shop on level 5 of the Dungeon)

   It inflicts extra damage upon your enemies.
   It protects you from cold.
 Q - the cursed +2 dire flail "Rolorou" {flame, Fragile +Blink Dex+4 Stlth+}
   (You found it on level 4 of the Lair of Beasts)

   It has been specially enchanted to burn those struck by it, causing extra
   injury to most foes and up to half again as much damage against particularly
   susceptible opponents.
   It affects your dexterity (+4).
   It lets you blink.
   It will be destroyed if unequipped.
   It makes you more stealthy.
   It has a curse placed upon it.
Missiles
 d - 2 throwing nets (quivered)
Armour
 i - the +3 pair of gloves of Love and Death (worn) {Str+3 Dex+5}
   (Okawaru gifted it to you on level 11 of the Dungeon)

   It affects your strength (+3).
   It affects your dexterity (+5).
 v - a scarf of spirit shield (worn)
 C - a +2 hat (worn)
 D - a +0 chain mail of cold resistance
 E - the +8 plate armour of Resilience (worn) {Str+3}
   (Okawaru gifted it to you on level 13 of the Dungeon)

   It affects your strength (+3).
 H - a +2 shield
 J - the +2 pair of boots "Bagec" {*Slow rPois Str+3}
   (Okawaru gifted it to you on level 15 of the Dungeon)

   It affects your strength (+3).
   It protects you from poison.
   It may slow you when you take damage.
 L - a +2 pair of boots (worn)
Jewellery
 m - an amulet of guardian spirit (around neck)
 w - a +5 amulet of reflection
 N - a ring of protection from magic (left hand)
 S - a ring of protection from magic (right hand)
 T - the ring "Cupaur" {rC- Str+7 Stlth-}
   (You found it on level 6 of the Lair of Beasts)

   [ring of attention]

   It affects your strength (+7).
   It makes you vulnerable to cold.
   It makes you less stealthy.
Wands
 c - a wand of paralysis (8)
 p - a wand of digging (6)
 y - a wand of acid (13)
 M - a wand of iceblast (4)
Scrolls
 e - 10 scrolls of enchant weapon
 g - 3 scrolls of blinking
 j - 6 scrolls of remove curse
 s - 2 scrolls of enchant armour
 t - 8 scrolls of teleportation
 u - 2 scrolls of fog
 F - 3 scrolls of magic mapping
 K - 2 scrolls of summoning
Potions
 h - 3 potions of haste
 o - 16 potions of curing
 x - 4 potions of might
 z - 5 potions of mutation
 A - a potion of invisibility
 B - a potion of ambrosia
Comestibles
 f - 58 rations


   Skills:
 + Level 14.7(19.7) Fighting
 + Level 13.9(18.9) Maces & Flails
 - Level 1.7(6.7) Throwing
 + Level 14.6(19.6) Armour
 + Level 12.0(17.0) Dodging
 - Level 7.5 Invocations


You had 15 spell levels left.
You didn't know any spells.
Your spell library contained the following spells:

 Spells                   Type           Power        Failure   Level  Hunger
 Animate Skeleton         Necr           N/A          86%         1    ##.....
 Apportation              Tloc           #.....       86%         1    ##.....
 Corona                   Hex            #......      86%         1    ##.....
 Magic Dart               Conj           #...         86%         1    ##.....
 Pain                     Necr           #...         86%         1    ##.....
 Sandblast                Erth           #.....       86%         1    ##.....
 Sting                    Tmut/Pois      #...         86%         1    ##.....
 Summon Small Mammal      Summ           #...         86%         1    ##.....
 Blink                    Tloc           N/A          95%         2    ###....
 Call Imp                 Summ           #.......     95%         2    ###....
 Corpse Rot               Necr/Air       N/A          95%         2    ###....
 Ensorcelled Hibernation  Hex/Ice        #.....       95%         2    ###....
 Passwall                 Tmut/Erth      #.......     95%         2    ###....
 Poisonous Vapours        Pois/Air       #.....       95%         2    ###....
 Slow                     Hex            #.......     95%         2    ###....
 Conjure Flame            Conj/Fire      #.......     99%         3    ####...
 Ignite Poison            Fire/Tmut/Pois #.......     99%         3    ####...
 Inner Flame              Hex/Fire       #.......     99%         3    ####...
 Mephitic Cloud           Conj/Pois/Air  #.......     99%         3    ####...
 Portal Projectile        Hex/Tloc       #.....       99%         3    ####...
 Stone Arrow              Conj/Erth      #.....       99%         3    ####...
 Cause Fear               Hex            #.........   100%        4    #####..
 Leda's Liquefaction      Hex/Erth       #.........   100%        4    #####..
 Olgreb's Toxic Radiance  Pois           #.......     100%        4    #####..
 Petrify                  Tmut/Erth      #.......     100%        4    #####..
 Bolt of Magma            Conj/Fire/Erth #.........   100%        5    ######.
 Borgnjor's Vile Clutch   Necr/Erth      #.........   100%        5    ######.
 Irradiate                Conj/Tmut      #.........   100%        5    ######.
 Lee's Rapid Deconstruct  Erth           #.........   100%        5    ######.
 Silence                  Hex/Air        #.........   100%        5    ######.
 Darkness                 Hex            #.........   100%        6    #######
 Hydra Form               Tmut           #.........   100%        6    #######
 Iron Shot                Conj/Erth      #.........   100%        6    #######
 Shadow Creatures         Summ           N/A          100%        6    #######
 Dragon Form              Tmut           #.........   100%        7    #######
 Shatter                  Erth           #.........   100%        9    #######
 Statue Form              Tmut/Erth      Unusable     N/A         6    N/A

Dungeon Overview and Level Annotations

Branches:
Dungeon (15/15)            Temple (1/1) D:6            Lair (6/6) D:8
  Swamp (0/4) Lair:2       Spider (0/4) Lair:4        Slime (0/5) Lair:6
    Orc (0/2) D:12         Vaults (0/5) D:13         Depths (0/5) D:15
  Sewer (visited)          Bailey (visited)

Altars:
Ashenzari
Cheibriados
Dithmenos
Elyvilon
Fedhas
Gozag
Hepliaklqana
Kikubaaqudgha
Makhleb
Nemelex Xobeh
Okawaru
Qazlal
Ru
Sif Muna
Trog
Uskayaw
Vehumet
Wu Jian
Xom
Yredelemnul
Zin
The Shining One
Jiyva

Shops:
D:5 (   D:11 *

Annotations:
Lair:6 exclusion: oklob plant


Innate Abilities, Weirdness & Mutations

You are resistant to torment.
Your stone body is resilient. (AC +12)
You are immune to poison.
Your large and strong wings let you fly indefinitely.
You resist negative energy. (rN+)
You are resistant to electric shocks. (rElec)
You can survive without breathing.
You are immune to petrification.
You are immune to rotting.


Message History

You bludgeon the oklob plant!!
The oklob plant is severely damaged.
You hit the oklob plant but do no damage.
The oklob plant is severely damaged.
You hit the oklob plant.
The oklob plant is almost destroyed.
You hit the oklob plant.
The oklob plant is almost destroyed.
The oklob plant spits acid at you. The splash of acid hits you.
* * * LOW HITPOINT WARNING * * *
The acid corrodes you!
You are splashed with acid!
* * * LOW HITPOINT WARNING * * *
You hit the oklob plant.
The oklob plant is almost destroyed.
The oklob plant spits acid at you. The splash of acid hits you.
* * * LOW HITPOINT WARNING * * *
The acid corrodes you!
You are splashed with acid!
You die...

### ########## # PP####
#####.##P?...# #
..##.####.##...#@...$# ##
...##.....##...#.....# #.
...............#.$.()# ##
...............#$?(..# ###
#.........#....#.....### ######..
P........).P...........###.#P....
.P.P..................##.........
....................####.........
P.................#### #P........


You could see an oklob plant.

Vanquished Creatures
  Gastronok (D:8)
  Roxanne (D:14)
  A frost giant (D:15)
  6 dire elephants (Lair:6)
  Josephine (D:11)
  A rakshasa (D:15)
  6 hydras
  The ghost of LostGamesStreakFreak the Envoy of Void, a journeyman TrAK of Lugonu (D:11)
  4 vault guards (D:13)
  Harold (D:7)
  A catoblepas (Lair:4)
  An anaconda (Lair:6)
  4 centaur warriors
  4 two-headed ogres
  A tengu warrior (D:14)
  Urug (Lair:4)
  Nergalle (D:10)
  4 unseen horrors
  Pikel (D:7)
  A lindwurm (Lair:4)
  A swamp dragon (shapeshifter) (D:15)
  3 orc knights
  A wolf spider zombie (D:15)
  6 oklob plants (Lair:6)
  3 deep elf magi
  A manticore (D:15)
  10 elephants
  3 cyclopes (D:15)
  10 ugly things
  2 centaur zombies
  Joseph (D:7)
  2 black mambas
  Psyche (D:11)
  2 gargoyles
  13 spiny frogs
  5 yaktaurs
  4 rime drakes
  13 komodo dragons
  A rime drake (shapeshifter) (D:13)
  2 efreet (D:13)
  A redback zombie (D:13)
  5 trolls
  19 blink frogs
  A polar bear (Lair:6)
  A hornet (D:11)
  12 dream sheep (Lair:6)
  10 hippogriffs
  A slime creature (D:13)
  2 bog bodies (Lair:2)
  3 spriggans (D:11)
  A redback (Lair:4)
  A yak (shapeshifter) (D:13)
  2 wyverns
  7 wraiths
  36 yaks
  4 basilisks
  4 hungry ghosts
  A steam dragon (D:12)
  4 vampire mosquitoes (D:13)
  9 water moccasins
  3 swamp worms (Lair:1)
  2 acid dragons
  12 porcupines
  5 ice beasts
  14 orc warriors
  6 sky beasts
  4 slaves (D:7)
  6 black bears
  2 eyes of draining
  A necrophage (D:10)
  13 ogres
  A phantom (D:8)
  33 wolves
  22 centaurs
  12 crocodiles
  12 bullfrogs
  2 big kobolds
  11 scorpions
  8 killer bees
  5 electric eels
  15 wights
  3 howler monkeys
  6 crimson imps
  A bullfrog zombie (D:11)
  5 centaur skeletons
  A quasit (D:7)
  Crazy Yiuf (D:2)
  16 orc wizards
  3 hounds
  8 jellies
  12 orc priests
  Ijyb (D:5)
  Jessica (D:2)
  3 iguanas
  2 bullfrog skeletons
  14 worker ants
  11 hell rats
  A killer bee zombie (D:6)
  A hound zombie (D:6)
  4 hound skeletons
  2 worker ant zombies
  Robin (D:2)
  8 gnolls
  12 adders
  4 river rats
  5 shadow imps
  2 oozes
  2 adder skeletons
  9 worms
  3 leopard geckos
  75 orcs
  8 giant cockroaches
  23 goblins
  17 hobgoblins
  3 jackals
  30 kobolds
  7 quokkas
  6 ball pythons
  10 bats
  16 frilled lizards
  2 leopard gecko skeletons
  17 rats
  A fungus (D:2)
  A plant (Lair:1)
797 creatures vanquished.

Vanquished Creatures (others)
  An orc (D:15)
  6 fungi
  40 plants
47 creatures vanquished.

Grand Total: 844 creatures vanquished

Notes
Turn   | Place    | Note
-------+----------+-------------------------------------------
     0 | D:1      | Borgoz the Gargoyle Gladiator began the quest for the Orb.
     0 | D:1      | Reached XP level 1. HP: 12/12 MP: 1/1
   219 | D:1      | Reached XP level 2. HP: 16/18 MP: 2/2
   337 | D:1      | Reached skill level 1 in Armour
   414 | D:1      | Reached XP level 3. HP: 22/22 MP: 3/3
   895 | D:2      | Noticed Robin
  1289 | D:2      | Reached XP level 4. HP: 24/27 MP: 4/4
  1474 | D:2      | Killed Robin
  1599 | D:2      | Reached XP level 5. HP: 31/32 MP: 5/5
  1729 | D:2      | Noticed Jessica
  1733 | D:2      | Killed Jessica
  1993 | D:2      | Found a runed translucent door.
  1994 | D:2      | Noticed Crazy Yiuf
  2005 | D:2      | Killed Crazy Yiuf
  2081 | D:3      | Reached XP level 6. HP: 31/38 MP: 6/6
  2138 | D:3      | Found a basalt altar of Yredelemnul.
  2308 | D:3      | Noticed a hippogriff
  2336 | D:3      | Killed a hippogriff
  2769 | D:3      | Found a faded altar of an unknown god.
  2957 | D:3      | Reached XP level 7. HP: 42/43 MP: 7/7
  3098 | D:4      | Found a hide-covered altar of Uskayaw.
  3761 | D:4      | Reached skill level 5 in Maces & Flails
  3780 | D:4      | Reached skill level 5 in Fighting
  3796 | D:5      | Entered Level 5 of the Dungeon
  3844 | D:5      | Reached XP level 8. HP: 33/49 MP: 6/8
  3883 | D:5      | Identified the Disquisition on Ashen Black Arts
  3950 | D:5      | Reached skill level 5 in Armour
  3981 | D:5      | Noticed Ijyb
  3999 | D:5      | Killed Ijyb
  4154 | D:5      | Found a glowing drain.
  4177 | Sewer    | Entered a sewer
  4593 | D:5      | Found Qeikon's Weapon Emporium.
  4617 | D:5      | Bought the cursed +0 dire flail "Ripocvic" {crush, rC+} for
                  | 170 gold pieces
  4715 | D:5      | Got a translucent hand crossbow
  5031 | D:4      | Reached skill level 5 in Dodging
  5310 | D:6      | Found an iron altar of Okawaru.
  5407 | D:6      | Found a glowing silver altar of Zin.
  5495 | D:6      | Reached XP level 9. HP: 56/56 MP: 9/9
  5738 | D:6      | Found a staircase to the Ecumenical Temple.
  5792 | Temple   | Entered the Ecumenical Temple
  5949 | D:6      | Became a worshipper of Warmaster Okawaru
  6583 | D:7      | Noticed Harold
  6586 | D:7      | Noticed Joseph
  6592 | D:7      | Killed Harold
  6592 | D:7      | Reached * piety under Okawaru
  6633 | D:7      | Killed Joseph
  6633 | D:7      | Reached ** piety under Okawaru
  6865 | D:7      | Reached XP level 10. HP: 50/64 MP: 7/10
  7037 | D:7      | Found a shimmering blue altar of Sif Muna.
  7403 | D:7      | Noticed Pikel
  7454 | D:7      | Killed Pikel
  7801 | D:8      | Reached *** piety under Okawaru
  7908 | D:8      | Found a shimmering altar of Xom.
  8063 | D:8      | Found a staircase to the Lair.
  8126 | D:8      | Noticed an elephant
  8138 | D:8      | Killed an elephant
  8138 | D:8      | Reached **** piety under Okawaru
  8199 | D:8      | Noticed a two-headed ogre
  8212 | Lair:1   | Entered Level 1 of the Lair of Beasts
  8273 | D:8      | Killed a two-headed ogre
  8273 | D:8      | Reached ***** piety under Okawaru
  8273 | D:8      | Reached XP level 11. HP: 61/71 MP: 8/11
  8289 | D:8      | Noticed Gastronok
  8543 | D:8      | Killed Gastronok
  9095 | D:9      | Found a blossoming altar of Fedhas.
  9644 | D:9      | Reached skill level 10 in Fighting
 10108 | D:10     | Entered Level 10 of the Dungeon
 10113 | D:10     | Identified a scroll of acquirement
 10113 | D:10     | Identified the amulet of Disaster {Acrobat rPois rN+} (You
                  | acquired it on level 10 of the Dungeon)
 10408 | D:10     | Reached skill level 10 in Armour
 10489 | D:10     | Found a flagged portal.
 10542 | Bailey   | Entered a bailey
 10729 | Bailey   | Noticed an orc knight
 10768 | Bailey   | Killed an orc knight
 10768 | Bailey   | Reached skill level 10 in Maces & Flails
 10775 | Bailey   | Reached XP level 12. HP: 33/78 MP: 5/12
 10890 | Bailey   | Received a gift from Okawaru
 11294 | D:10     | Noticed Nergalle
 11314 | D:10     | Killed Nergalle
 11743 | D:10     | Received a gift from Okawaru
 11803 | D:10     | Found a glowing silver altar of Zin.
 12240 | D:11     | Noticed Josephine
 12554 | D:11     | Killed Josephine
 12684 | D:11     | Found a runed translucent door.
 12685 | D:11     | Identified the +8 spear "Amnoa" {drain, Int+7}
 12686 | D:11     | Noticed LostGamesStreakFreak's ghost (journeyman TrAK)
 12798 | D:11     | Found Avesuug's General Store.
 12953 | D:11     | Noticed Psyche
 12962 | D:11     | Killed Psyche
 13080 | D:11     | Noticed a two-headed ogre
 13270 | D:10     | Killed a two-headed ogre
 14263 | D:11     | Received a gift from Okawaru
 14267 | D:11     | Got a pair of twisted gloves {god gift}
 14354 | D:11     | Identified the +3 pair of gloves of Love and Death {Str+3
                  | Dex+5} (Okawaru gifted it to you on level 11 of the
                  | Dungeon)
 14596 | D:11     | Reached XP level 13. HP: 85/85 MP: 13/13
 15273 | D:12     | Found a staircase to the Orcish Mines.
 15500 | D:12     | Reached skill level 1 in Invocations
 16130 | D:13     | Found a viscous altar of Jiyva.
 16266 | D:13     | Found a gate to the Vaults.
 16266 | D:13     | Noticed a vault guard
 16266 | D:13     | Noticed a vault guard
 16266 | D:13     | Noticed a vault guard
 16269 | D:13     | Noticed a vault guard
 16323 | D:13     | Killed a vault guard
 16338 | D:13     | Killed a vault guard
 16348 | D:13     | Killed a vault guard
 16760 | D:13     | Reached skill level 10 in Dodging
 16785 | D:13     | Received a gift from Okawaru
 16788 | D:13     | Got a steaming plate armour {god gift}
 16799 | D:13     | Identified the +8 plate armour of Resilience {Str+3}
                  | (Okawaru gifted it to you on level 13 of the Dungeon)
 17226 | D:13     | Killed a vault guard
 17666 | D:14     | You fall into a shaft and drop 1 floor!
 17666 | D:15     | Entered Level 15 of the Dungeon
 17830 | D:14     | Gained mutation: Your large and strong wings let you fly
                  | indefinitely. [Gargoyle growth]
 17830 | D:14     | Reached XP level 14. HP: 77/92 MP: 15/17
 17839 | D:14     | Reached skill level 5 in Invocations
 18128 | D:14     | You are sucked into a shaft and drop 1 floor!
 18551 | D:14     | Noticed Roxanne
 18692 | D:14     | Killed Roxanne
 18692 | D:14     | Received a gift from Okawaru
 19160 | D:15     | Received a gift from Okawaru
 19168 | D:15     | Got a pair of bloodstained boots {god gift}
 19265 | D:15     | Identified the +2 pair of boots "Bagec" {*Slow rPois Str+3}
                  | (Okawaru gifted it to you on level 15 of the Dungeon)
 19647 | D:15     | Found a staircase to the Depths.
 19647 | D:15     | Noticed a frost giant
 19656 | D:15     | Killed a frost giant
 20100 | D:11     | Killed LostGamesStreakFreak's ghost
 20882 | Lair:2   | Found an opulent altar of Gozag.
 21003 | Lair:2   | Found a staircase to the Swamp.
 21501 | Lair:3   | Reached XP level 15. HP: 93/99 MP: 20/20
 21656 | Lair:3   | Identified the +5 hand crossbow of the Sky {elec, rC+
                  | Dex+4} (You found it on level 5 of the Dungeon)
 22507 | Lair:4   | Reached ****** piety under Okawaru
 22607 | Lair:4   | Received a gift from Okawaru
 22608 | Lair:4   | Found a blossoming altar of Fedhas.
 22613 | Lair:4   | Got a scorched hunting sling {god gift}
 22643 | Lair:4   | Found a hole to the Spider Nest.
 22702 | Lair:4   | Noticed Urug
 22714 | Lair:4   | Killed Urug
 22992 | Lair:4   | Got a warped flail
 23035 | Lair:4   | Got a shimmering dire flail
 23036 | Lair:4   | Identified the +9 flail of Tyhomen {crush, MP+9} (You found
                  | it on level 4 of the Lair of Beasts)
 23037 | Lair:4   | Identified the cursed +2 dire flail "Rolorou" {flame,
                  | Fragile +Blink Dex+4 Stlth+} (You found it on level 4 of
                  | the Lair of Beasts)
 24208 | Lair:6   | Entered Level 6 of the Lair of Beasts
 24223 | Lair:6   | Received a gift from Okawaru
 24435 | Lair:6   | Got a coiled steel ring
 24436 | Lair:6   | Identified the ring "Cupaur" {rC- Str+7 Stlth-} (You found
                  | it on level 6 of the Lair of Beasts)
 24669 | Lair:6   | Found a sacrificial altar of Ru.
 25232 | Lair:6   | Received a gift from Okawaru
 25380 | Lair:6   | Reached XP level 16. HP: 97/107 MP: 21/21
 25675 | Lair:6   | Identified the +6 hunting sling "Kucweffo" {speed, Int+4
                  | SInv} (Okawaru gifted it to you on level 4 of the Lair of
                  | Beasts)
 25677 | Lair:6   | Found a staircase to the Slime Pits.
 26617 | Lair:6   | Splashed by an oklob plant's acid

Levels and vault maps discovered:
D:1:      dpeg_arrival_signposts, layout_loops_ring, hangedman_decor_riveting
D:2:      layout_loops_ring, wander_ebering_terrifying_dragon_lair,
          uniq_crazy_yiuf_cottage, uniq_jessica, uniq_robin
D:3:      layout_basic, lemuel_round_altar, chequers_ecumenical_altar_island,
          serial_bayou, serial_bayou_pond_e, serial_bayou_lagoon_b,
          serial_bayou_ford_a, serial_bayou_lagoon_a, first_ration
D:4:      layout_loops_ring, old_standard_altar, abandoned_shop
D:5:      layout_cave_pools, lightli_sewer_entry_pipes, minmay_shop_grid_forest,
          uniq_ijyb
D:6:      kennysheep_spiral_hall, layout_basic, grunt_temple_overflow_open,
          minmay_temple_entry_junction_2
D:7:      layout_basic, kennysheep_mini, serial_glass, glass_columns_a,
          glass_columns_c, grunt_ogre_cave, uniq_pikel, uniq_joseph, uniq_harold
D:8:      layout_rooms, overflow_temple_1_default, david_lair_generic,
          serial_aquarium, aquarium_bridge_square [aquarium_subvault_bridge,
          aquarium_subvault_balcony, aquarium_subvault_wall,
          aquarium_subvault_bridge], aquarium_window_1, aquarium_window_1,
          aquarium_window_corridor_1, aquarium_window_fake, aquarium_view_4,
          aquarium_view_2d, uniq_gastronok
D:9:      layout_loops_ring, fedhas_altar_fruit_tree
D:10:     layout_loops_corners, enter_bailey_3, lemuel_centaur_altar,
          uniq_nergalle
D:11:     cheibrodos_fzero, layout_basic, serial_shops, shop_fountains,
          ebering_ghost_funeral_grove, serial_bayou_lake_a, uniq_josephine,
          uniq_psyche
D:12:     layout_loops_ring, david_orc_2
D:13:     layout_grid_maze, lightli_vaults_fourway_checkpoint,
          chequers_arboretum, jiyva_altar_1
D:14:     layout_cross, minmay_misc_feat_iff, uniq_roxanne
D:15:     grunt_enter_depths_snipers, layout_long_grid, minivault_23
Temple:   kb_temple_of_zot
Lair:1:   layout_concentric_octagons, worms_lemuel, grunt_megastairs_1,
          infiniplex_staircase_pool_2
Lair:2:   layout_loops_ring, skrybe_swamp_entry_bodies, basic_altar,
          grunt_forest_small_clearing_treed
Lair:3:   layout_small_grid, grunt_forest_large_clearings
Lair:4:   cheibrodos_lair_overgrown_chateau, layout_loops_ring,
          spider_nest_entry_rubble, basic_altar, uniq_urug
Lair:5:   layout_regular_city
Lair:6:   due_jungle_book, layout_gridlike, minmay_slime_entry_oklob_open,
          basic_altar, infiniplex_staircase_pool, lemuel_fruit_tree,
          grunt_megastairs_5, minmay_lair_oklob_chamber

Skill      XL: |  1  2  3  4  5  6  7  8  9 10 11 12 13 14 15 16 |
---------------+-------------------------------------------------+-----
Armour         | 1 2 3 4 5 7 8 10 11 12 13 14 | 14.6
Fighting       | 3 4 5 6 7 9 10 11 12 13 14 | 14.7
Dodging        | 3 4 5 6 7 8 9 10 11 12 | 12.0
Maces & Flails | 4 5 6 7 8 10 11 12 13 | 13.9
Invocations    | 4 7 |  7.5
Throwing       | |  1.7

Action                   |  1- 3 |  4- 6 |  7- 9 | 10-12 | 13-15 | 16-18 || total
-------------------------+-------+-------+-------+-------+-------+-------++-------
Melee: Flail             |   144 |    44 |       |       |   364 |    53 ||   605
       Whip              |       |   129 |   287 |       |       |       ||   416
       Dire flail        |       |       |   249 |  1098 |   976 |       ||  2323
       Punch             |       |       |       |       |     2 |       ||     2
Throw: Throwing net      |       |     4 |     1 |     7 |       |       ||    12
       Boomerang         |       |       |       |     1 |       |       ||     1
Invok: Heroism           |       |       |       |     8 |     4 |     1 ||    13
       Finesse           |       |       |       |     1 |     1 |       ||     2
 Abil: Fly               |       |       |       |       |     1 |       ||     1
Evoke: Wand              |       |       |       |     6 |       |    19 ||    25
  Use: Scroll            |       |     3 |    14 |    11 |    12 |     1 ||    41
       Potion            |       |     1 |     4 |     4 |     2 |     8 ||    19
 Stab: Held in net/web   |       |       |     1 |     4 |       |       ||     5
       Invisible         |       |       |       |     3 |     6 |       ||     9
       Distracted        |       |       |       |     1 |       |       ||     1
  Eat: Chunk             |     1 |     6 |    13 |    28 |    35 |     4 ||    87
       Ration            |       |       |       |       |     2 |     1 ||     3
Armor: Leather armour    |    79 |       |       |       |       |       ||    79
       Ring mail         |       |    64 |   209 |   443 |       |       ||   716
       Chain mail        |       |       |       |    27 |    80 |       ||   107
       Plate armour      |       |       |       |       |   814 |    52 ||   866
Dodge: Dodged            |   147 |   100 |   321 |   865 |   907 |    25 ||  2365

Table legend:
 A = Non-vault XP
 B = Vault XP
 C = Vault XP percentage of total XP
 D = Non-vault monster count
 E = Vault monster count
 F = Vault count percentage of total count
                 A         B        C        D         E       F
            +---------+---------+-------+---------+---------+-------
      Total |   89976 |   44810 |  33.2 |     569 |     222 |  28.1
            +---------+---------+-------+---------+---------+-------
        D:1 |      43 |      20 |  31.7 |      27 |      10 |  27.0
        D:2 |     127 |     101 |  44.3 |      32 |       6 |  15.8
        D:3 |     326 |       0 |   0.0 |      17 |       0 |   0.0
        D:4 |     671 |       0 |   0.0 |      33 |       0 |   0.0
        D:5 |     605 |     121 |  16.7 |      23 |      12 |  34.3
        D:6 |     781 |      54 |   6.5 |      19 |       3 |  13.6
        D:7 |    1112 |    2187 |  66.3 |      34 |       4 |  10.5
        D:8 |    2672 |    3395 |  56.0 |      31 |       5 |  13.9
        D:9 |    2436 |       0 |   0.0 |      29 |       0 |   0.0
       D:10 |    6869 |    2273 |  24.9 |      54 |      17 |  23.9
       D:11 |    3340 |    5981 |  64.2 |      38 |      23 |  37.7
       D:12 |    3683 |     151 |   3.9 |      13 |       8 |  38.1
       D:13 |    5945 |    5266 |  47.0 |      40 |      14 |  25.9
       D:14 |   10927 |    1956 |  15.2 |      24 |       1 |   4.0
       D:15 |   12663 |    3205 |  20.2 |      35 |       3 |   7.9
     Lair:1 |    2504 |    1323 |  34.6 |      11 |       5 |  31.2
     Lair:2 |    1765 |     484 |  21.5 |       7 |       2 |  22.2
     Lair:3 |    4618 |    3861 |  45.5 |      19 |      33 |  63.5
     Lair:4 |    8657 |    4863 |  36.0 |      30 |      16 |  34.8
     Lair:5 |    2472 |       0 |   0.0 |      15 |       0 |   0.0
     Lair:6 |   17760 |    8202 |  31.6 |      38 |      18 |  32.1
      Sewer |       0 |      31 | 100.0 |       0 |      16 | 100.0
     Bailey |       0 |    1336 | 100.0 |       0 |      26 | 100.0
            +---------+---------+-------+---------+---------+-------
